 Dungeon Crawl Stone Soup version 0.31-a0-925-g0a390f2509 (webtiles) character file.

Game seed: 12648608376999591880

313 Maratek the Shooter (level 6, -1/42 HPs)
             Began as an Octopode Hunter on Oct 18, 2023.
             Slain by an orc wizard
             ... wielding a +0 dagger
              (2 damage)
             ... on level 4 of the Dungeon.
             The game lasted 00:03:05 (2278 turns).

Maratek the Shooter (Octopode Hunter)               Turns: 2278, Time: 00:03:06

Health: -1/42      AC:  1    Str: 10    XL:     6   Next: 43%
Magic:  6/6        EV: 14    Int: 17    God:
Gold:   241        SH:  0    Dex: 18    Spells: 5/5 levels left

rFire   . . .        a - +0 shortbow (flame)
rCold   . . .        (shield currently unavailable)
rNeg    . . .        (helmet restricted)
rPois   .            (no amulet)
rElec   .            p - +6 ring of intelligence
rCorr   .            (no ring)
SInv    .            (no ring)
Will    .....        (no ring)
Stlth   ++           (no ring)
HPRegen 0.27/turn    (no ring)
MPRegen 0.10/turn    (no ring)
                     (no ring)

%: no passive effects
@: confused
A: almost no armour, amphibious, 8 rings, camouflage 1, gelatinous body 1,
(nimble swimmer 1), tentacles
a: no special abilities


You were on level 4 of the Dungeon.
You visited 1 branch of the dungeon, and saw 4 of its levels.

You collected 241 gold pieces.

Inventory:

Hand Weapons
 a - a +0 shortbow of flaming (weapon)
Jewellery
 c - a ring of wizardry
 p - a +6 ring of intelligence (left tentacle)
Scrolls
 b - a scroll of butterflies
 d - 4 scrolls of identify
 f - a scroll of enchant armour
 j - a scroll of poison
 m - a scroll of revelation
Potions
 e - 2 potions of might {unknown}
 g - a potion of invisibility {unknown}
 h - a potion of haste {unknown}
 i - a potion of attraction {unknown}
 k - a potion of mutation {unknown}
 l - a potion of resistance {unknown}
 n - a potion of heal wounds {unknown}
 q - a potion of brilliance {unknown}
 r - a potion of lignification {unknown}


   Skills:
 + Level 3.1 Fighting
 + Level 6.7 Ranged Weapons
 + Level 2.7 Dodging
 + Level 1.7 Stealth


You had 5 spell levels left.
You didn't know any spells.
Your spell library contained the following spells:

 Spells                   Type           Power      Damage    Failure   Level
 Freeze                   Ice            0%         1d3       24%         1
 Sublimation of Blood     Necr           0%         N/A       34%         2
 Wereblood                Tmut           0%         N/A       34%         2
 Frozen Ramparts          Ice            0%         1d1       56%         3
 Hailstorm                Conj/Ice       0%         3d3       56%         3
 Summon Hydra             Summ           0%         N/A       100%        7


Dungeon Overview and Level Annotations

Branches:
Dungeon (4/15)
 Temple: D:4-7

Altars:


Innate Abilities, Weirdness & Mutations

You cannot wear most types of armour.
You are amphibious.
You can wear up to eight rings at the same time.
Your skin changes colour to match your surroundings (Stealth+).
Your rubbery body absorbs attacks. (AC +1, EV +1)
((You are camouflaged when in or above water. (Stealth+)))
You have tentacles for arms and can constrict up to eight enemies at once.


Message History

You shoot an arrow.
The arrow closely misses the orc priest.
You hear some strange, mumbled words.
A magic dart appears from out of thin air!
The magic dart hits you!
* * * LOW HITPOINT WARNING * * *
The orc priest barely misses you.
Fire: a) +0 shortbow (flame)
Press: ? - help, Q - select action Shift-Dir - straight line, f/p - orc priest
Aim: an orc priest, wielding a +0 short sword (lightly wounded, 65% to hit)
You shoot an arrow. The arrow hits the orc priest!
The arrow burns the orc priest.
The orc priest is severely wounded.
The orc priest closely misses you. Something hits you.
* * * LOW HITPOINT WARNING * * *
Fire: a) +0 shortbow (flame)
Press: ? - help, Q - select action Shift-Dir - straight line, f/p - orc priest
Aim: an orc priest, wielding a +0 short sword (severely wounded, 65% to hit)
You shoot an arrow. The arrow hits the orc priest!
The arrow burns the orc priest.
You kill the orc priest!
Something hits you.
* * * LOW HITPOINT WARNING * * *
Fire: a) +0 shortbow (flame)
Press: ? - help, Q - select action Shift-Dir - straight line You shoot an arrow.
Something hits you.
* * * LOW HITPOINT WARNING * * *
Fire: a) +0 shortbow (flame)
Press: ? - help, Q - select action Shift-Dir - straight line You shoot an arrow.
Something hits you.
* * * LOW HITPOINT WARNING * * *
You hear some strange, mumbled words.
You are confused.
Non-targeted confused fire: a) +0 shortbow (flame)
Press: ? - help, Q - select action Dir - look around, f - activate You shoot an arrow.
Something hits you.
You die...

################
#..#.##..##....# #
#...........)).#....
#...........@{.)....
#.............#.)...
#.............# ....
#.............# ..
#....†........#
######...##.##....#
#...####'#####....#
#....#.............+
#....#.........>..##


There were no monsters in sight!

Vanquished Creatures
  A phantom (D:4)
  2 orc priests
  An orc wizard (D:2)
  3 gnolls (D:3)
  5 adders
  2 worms (D:2)
  10 orcs
  5 ball pythons
  4 endoplasms
  2 giant cockroaches
  7 goblins
  6 hobgoblins
  6 bats
  2 frilled lizards
  8 kobolds
  8 rats
72 creatures vanquished.

Notes
Turn   | Place    | Note
-------+----------+-------------------------------------------
     0 | D:1      | Maratek the Octopode Hunter began the quest for the Orb.
     0 | D:1      | Reached XP level 1. HP: 14/14 MP: 1/1
   137 | D:1      | Reached XP level 2. HP: 18/19 MP: 2/2
   607 | D:2      | Reached XP level 3. HP: 24/24 MP: 3/3
   790 | D:2      | Reached skill level 5 in Ranged Weapons
  1052 | D:2      | Reached XP level 4. HP: 29/29 MP: 4/4
  1567 | D:3      | Reached skill level 6 in Ranged Weapons
  1567 | D:3      | Reached XP level 5. HP: 23/35 MP: 5/5
  1631 | D:3      | Found a faded altar of an unknown god.
  2180 | D:4      | Noticed a phantom
  2192 | D:4      | Killed a phantom
  2193 | D:4      | Reached XP level 6. HP: 28/42 MP: 6/6
  2276 | D:4      | HP: 2/42 [something (2)]
  2278 | D:4      | Slain by an orc wizard

Illustrated notes

Levels and vault maps discovered:
D:1:      dpeg_arrival_signposts, layout_basic, minmay_bisected
D:2:      layout_loops_ring, minmay_goblin_kobold_house
D:3:      layout_loops_cross, shapermc_ecumenical_altar_acropolis,
          kennysheep_cross_bottleneck
D:4:      layout_gridville, minmay_temple_entry_grid

Skill      XL: |  1  2  3  4  5 |
---------------+----------------+-----
Ranged Weapons | 5 6 |  6.7
Fighting       | 3 |  3.1
Dodging        | |  2.7
Stealth        | |  1.7

Action                     |  1- 3 |  4- 6 || total
---------------------------+-------+-------++-------
   Fire: Shortbow          |   104 |   112 ||   216
    Use: Scroll            |       |     5 ||     5
 Armour: Skin              |    18 |    28 ||    46
  Dodge: Dodged            |    21 |    33 ||    54

Table legend: (Time is in decaauts)
 A = Elapsed time spent in this place.
 B = Non-inter-level travel time spent in this place.
 C = Inter-level travel time spent in this place.
 D = Time resting spent in this place.
 E = Time spent auto-exploring this place.
 F = Levels seen in this place.
 G = Mean time per level.
                   A        B        C        D        E       F      G
               +--------+--------+--------+--------+--------+-----+--------+
         Total |   2305 |   2183 |    122 |      2 |   1810 |   4 |  576.2 |
       Dungeon |   2305 |   2183 |    122 |      2 |   1810 |   4 |  576.2 |
               +--------+--------+--------+--------+--------+-----+--------+

Top non-repeatable levels by time:
     D:2: 810 daAuts
     D:3: 788 daAuts
     D:1: 585 daAuts
     D:4: 121 daAuts
